 Dungeon Crawl Stone Soup version 0.21.1-1-g345015f (webtiles) character file.

49 inc the Sneak (level 3, -1/17 HPs)
             Began as a Felid Chaos Knight on Feb 22, 2018.
             Slain by a worm (7 damage)
             ... on level 2 of the Dungeon.
             The game lasted 00:04:30 (949 turns).

inc the Sneak (Felid Chaos Knight)                   Turns: 949, Time: 00:04:31

Health: -1/17      AC:  1    Str: 10    XL:     3   Next: 53%
Magic:  4/4        EV: 18    Int: 14    God:    Xom [..*...]
Gold:   62         SH:  0    Dex: 15    Spells: 2/2 levels left
                                        Lives:  0   Deaths: 0

rFire    . . .     SeeInvis +     - Unarmed
rCold    . . .     Gourm    .   (shield unavailable)
rNeg     . . .     Faith    .   (armour unavailable)
rPois    .         Spirit   .   (helmet unavailable)
rElec    .         Reflect  .   (cloak unavailable)
rCorr    .         Harm     .   (gloves unavailable)
MR       .....                  (boots unavailable)
Stlth    +++.......             (no amulet)
HPRegen  0.05/turn              g - +2 ring of strength
MPRegen  0.09/turn              (no ring)

@: quick
A: very small, no armour, no weapons or thrown items, stealth, claws 1, fangs 3,
see invisible, carnivore, speed 1, shaggy fur 1, slow metabolism 1, sharp paws
a: Renounce Religion


You were on level 2 of the Dungeon.
You worshipped Xom.
You were a toy of Xom.
You were completely stuffed.

You visited 1 branch of the dungeon, and saw 2 of its levels.

You collected 62 gold pieces.

Inventory:

Jewellery
 g - a +2 ring of strength (left paw)
Scrolls
 c - a scroll of fear {unknown}
 d - a scroll of random uselessness {unknown}
 e - a scroll of identify
 f - a scroll of amnesia {unknown}
Potions
 b - a potion of curing
Comestibles
 a - a ration


   Skills:
 - Level 3.0 Fighting
 - Level 3.3 Dodging
 - Level 4.1 Stealth
 + Level 3.2 Unarmed Combat


You had 2 spell levels left.
You didn't know any spells.

Dungeon Overview and Level Annotations

Branches:
Dungeon (2/15)

Altars:
Dithmenos


Innate Abilities, Weirdness & Mutations

You cannot wear armour.
You are incapable of wielding weapons or throwing items.
Your paws allow you to move quietly. (Stealth)
You have sharp claws.
You have razor-sharp teeth.
You have supernaturally acute eyesight. (SInv)
You are carnivorous and can eat meat at any time.
You cover ground quickly.
You are covered in fur. (AC +1)
You have a slow metabolism.
Your sharp claws are effective at attacking unaware monsters.


Message History

The worm is moderately wounded.
The worm completely misses you.
You barely miss the worm.
The worm is moderately wounded.
You scratch the worm.
The worm is heavily wounded.
The worm closely misses you.
You claw the worm!
The worm is severely wounded.
You scratch the worm. Your claw misses the worm.
The worm is almost dead.
The worm bites you!
Ouch! That really hurt!
You scratch the worm.
The worm is almost dead.
You scratch the worm but do no damage.
The worm is almost dead.
The worm bites you!
You die... "What!?
That's it?"

#.## ##.#....#
#.# #.(...## #.##
##.#...## #
#.÷###.#.....##.#
#.#...#..[.......
∆
#.#..###.....#...
#.#..# ##...#####
#.#..# #..#.#
#.#..# #@###.#
#.#..# #w## .
#........ #..####


You could see a worm.

Vanquished Creatures
  2 adders (D:2)
  A worm (D:2)
  3 dart slugs (D:1)
  2 leopard geckos
  A giant cockroach (D:1)
  3 goblins (D:2)
  2 hobgoblins
  A kobold (D:1)
  2 bats (D:1)
  2 frilled lizards (D:1)
  4 rats (D:1)
23 creatures vanquished.

Notes
Turn   | Place    | Note
-------+----------+-------------------------------------------
     0 | D:1      | inc the Felid Chaos Knight began the quest for the Orb.
     0 | D:1      | Reached XP level 1. HP: 10/10 MP: 2/2
    73 | D:1      | XOM: harmless Air miscast
    84 | D:1      | Reached skill level 1 in Stealth
   134 | D:1      | XOM: harmless Summ miscast
   286 | D:1      | Reached skill level 2 in Stealth
   286 | D:1      | Reached XP level 2. HP: 9/14 MP: 3/3
   564 | D:1      | Reached skill level 3 in Stealth
   673 | D:2      | XOM is BORED!
   673 | D:2      | XOM: noise
   743 | D:2      | Found a shadowy altar of Dithmenos.
   752 | D:2      | Reached XP level 3. HP: 12/17 MP: 4/4
   864 | D:2      | Reached skill level 4 in Stealth
   894 | D:2      | XOM: divination: detect items
   949 | D:2      | Slain by a worm

Skill      XL: |  1  2  3 |
---------------+----------+-----
Stealth        | 2 3 4 |  4.1
Fighting       | |  3.0
Dodging        | |  3.3
Unarmed Combat | |  3.2

Action                   || total
-------------------------++-------
Melee: Unarmed           ||    78
       Punch             ||     2
       Bite              ||     4
  Use: Potion            ||     2
       Scroll            ||     1
 Stab: Sleeping          ||     6
  Eat: Chunk             ||     7
Armor: Skin              ||     1
Dodge: Dodged            ||    38
